AoeStats
← SoggyCow

Scandinavia

510385877Analyzed
1v1 RM · 24h ago on Sep 30, 2026· 78m 17s· 2 players
Game mode
Random Map
Map size
Tiny (2 player)
Population
200
Speed
Normal
Resources
Standard
Victory
Conquest
Starting age
Dark Age
Ending age
Imperial Age
RankedLock teamsTeams togetherTeam positionsShared explorationLock speedFull tech treeHidden civsTurbo modeCheats
Victory
Defeat
🇺🇸 Persians · United States
906
+16
🇩🇪 Celts · Germany
907
-16
SoggyCow
7:59 Loom
13:21 Feudal Age
30:12 Castle Age
41:12 Double-Bit Axe
41:14 Horse Collar
42:50 Bow Saw
45:35 Heavy Plow
47:35 Gold Mining
50:55 Scale Barding Armor
52:46 Gold Shaft Mining
52:51 Chain Barding Armor
55:05 Imperial Age
54:07 Forging
56:51 Murder Holes
58:29 Iron Casting
66:34 Stone Mining
Voglwildling
10:39 Feudal Age
13:25 Man-at-Arms
16:13 Loom
16:24 Double-Bit Axe
18:33 Loom
19:24 Wheelbarrow
21:09 Town Watch
22:38 Forging
22:30 Scale Mail Armor
25:43 Wheelbarrow
29:56 Castle Age
30:07 Pikeman
30:35 Gambesons
33:31 Chain Mail Armor
46:33 Horse Collar
51:53 Long Swordsman
65:07 Heavy Plow
66:44 Iron Casting
70:13 Imperial Age
68:02 Hand Cart
68:13 Hand Cart
72:44 Imperial Age
73:40 Halberdier
Connection lost

Rejoining the realm…

Still unreachable

The connection could not be restored.

Session expired

The server has moved on; the page needs a fresh start.